 Dungeon Crawl Stone Soup version 0.20.1-1-g8b1a95d (webtiles) character file.

435488 spiff the Whirler (level 25, -9/180 HPs)
             Began as a Halfling Warper on July 7, 2017.
             Was the Champion of Dithmenos.
             Mangled by a caustic shrike (21 damage)
             ... while paralysed by a sphinx
             ... on level 4 of the Depths on July 14, 2017.
             The game lasted 04:26:02 (67369 turns).

spiff the Whirler (Halfling Warper)                Turns: 67369, Time: 04:26:03

Health: -9/180     AC: 20    Str: 13    XL:     25   Next: 17%
Magic:  32/33      EV:  3    Int: 18    God:    Dithmenos [******]
Gold:   724        SH:  0    Dex: 18    Spells: 23/38 levels left

rFire    . . .     SeeInvis .   a - +9 hunting sling of Targhutump {speed, +Inv rPois rC-}
rCold    + . .     Gourm    .   (shield restricted)
rNeg     . . .     Faith    .   E - +9 ice dragon scales of Mumblety Peg {rElec rF- rC++}
rPois    +         Spirit   .   v - +2 helmet
rElec    +         Reflect  +   W - +2 cloak {rPois}
rCorr    .         Harm     .   C - +2 pair of gloves
MR       +....                  Q - +2 pair of boots
Stlth    ++++++++..             q - amulet "Xiwu" {Reflect rElec SH+2}
Regen    0.4/turn               P - +3 ring of slaying
MPRegen  0.3/turn               o - ring of protection from fire

@: paralysed, corroded, wreathed by umbra
A: mutation resistance 1
}: 2/15 runes: barnacled, gossamer
a: Shadow Step, Shadow Form, Renounce Religion, Evoke Invisibility


You were on level 4 of the Depths.
You worshipped Dithmenos.
Dithmenos was exalted by your worship.
You were hungry.

You visited 8 branches of the dungeon, and saw 40 of its levels.
You also visited: Ossuary, Ice Cave and Volcano.

You collected 3934 gold pieces.
You spent 3210 gold pieces at shops.

Inventory:

Hand Weapons
 a - the +9 hunting sling of Targhutump (weapon) {speed, +Inv rPois rC-}
   (You bought it in a shop on level 10 of the Dungeon)

   Attacks with this weapon are significantly faster.
   It makes you vulnerable to cold.
   It protects you from poison.
   It lets you turn invisible.
 b - a +8 demon trident of electrocution
Missiles
 m - 223 sling bullets
 I - 8 throwing nets
 T - 243 stones (quivered)
Armour
 v - a +2 helmet (worn)
 C - a +2 pair of gloves (worn)
 E - the +9 ice dragon scales of Mumblety Peg (worn) {rElec rF- rC++}
   (You found it on level 4 of the Vaults)

   It makes you vulnerable to fire.
   It greatly protects you from cold.
   It insulates you from electricity.
 Q - a +2 pair of boots (worn)
 W - a +2 cloak of poison resistance (worn)
Jewellery
 j - an uncursed ring of see invisible
 o - a ring of protection from fire (right hand)
 q - the amulet "Xiwu" (around neck) {Reflect rElec SH+2}
   (You found it on level 2 of the Spider Nest)

   [amulet of reflection]

   It shields you and reflects attacks.
   It insulates you from electricity.
   It affects your SH (+2).
 y - an uncursed amulet of regeneration
 P - a +3 ring of slaying (left hand)
 Z - an uncursed ring of protection from cold
Wands
 l - a wand of polymorph (3/24)
 S - a wand of acid (10/15)
 U - a wand of digging (9/24)
 V - a wand of scattershot (5/9)
Scrolls
 c - a scroll of silence
 d - 4 scrolls of blinking
 e - 3 scrolls of fog
 g - 2 scrolls of recharging
 h - 4 scrolls of fear
 i - 13 scrolls of remove curse
 s - 18 scrolls of teleportation
 A - 2 scrolls of enchant armour
 H - a scroll of summoning
 K - a scroll of torment
 L - a scroll of identify
 M - 3 scrolls of amnesia
 X - 7 scrolls of magic mapping
Potions
 n - 15 potions of curing
 p - 7 potions of brilliance
 r - 7 potions of lignification
 t - a potion of berserk rage
 u - 4 potions of might
 w - a potion of resistance
 x - 2 potions of magic
 z - 4 potions of cancellation
 D - 4 potions of agility
 F - a potion of invisibility
 G - 6 potions of haste
 J - 8 potions of heal wounds
 N - 8 potions of flight
Miscellaneous
 Y - 3 sacks of spiders
Comestibles
 f - 13 bread rations
 k - 4 fruits
 B - 8 royal jellies
 O - 2 chunks of flesh
 R - a meat ration


   Skills:
 - Level 17.0 Fighting
   Level 9.9 Short Blades
 - Level 14.0 Polearms
 + Level 19.8(19.9) Slings
 - Level 1.0(10.0) Throwing
 - Level 11.0 Armour
 + Level 18.8 Dodging
 - Level 15.0 Stealth
   Level 5.6 Shields
 - Level 7.0 Spellcasting
 - Level 8.0 Hexes
 - Level 6.0 Charms
 - Level 3.0 Necromancy
 - Level 11.4 Translocations
 - Level 10.1 Invocations
 - Level 1.0 Evocations


You had 23 spell levels left.
You knew the following spells:

 Your Spells              Type           Power        Failure   Level  Hunger
a - Blink                 Tloc           N/A          1%          2    None
b - Confuse               Hex            #####...     5%          3    ##.....
c - Passage of Golubria   Tloc           N/A          4%          4    ####...
d - Portal Projectile     Hex/Tloc       #####.       2%          3    ##.....
e - Regeneration          Chrm/Necr      ###.......   22%         3    ##.....


Dungeon Overview and Level Annotations

Branches:
Dungeon (15/15)            Temple (1/1) D:5            Lair (6/6) D:11
 Shoals (4/4) Lair:3       Spider (4/4) Lair:3        Slime (0/5) Lair:6
    Orc (2/2) D:10            Elf (0/3) Orc:2        Vaults (4/5) D:14
  Crypt (0/3) Vaults:3     Depths (4/5) D:15

Altars:
Ashenzari
Cheibriados
Dithmenos
Elyvilon
Fedhas
Gozag
Hepliaklqana
Kikubaaqudgha
Makhleb
Nemelex Xobeh
Okawaru
Qazlal
Ru
Sif Muna
Trog
Uskayaw
Vehumet
Xom
Yredelemnul
Zin
The Shining One
Jiyva

Shops:
D:4 *   D:8 (   D:10 *   Orc:2 =*[(   Shoals:2 [   Shoals:3 !   Vaults:2 :=?
Vaults:3 }   Vaults:4 [   Depths:2 %}=}

Portals:
Hell: Depths:1 Depths:3 Depths:4
Abyss: Depths:3
Pandemonium: Depths:3 Depths:4
Ziggurat: Depths:4

Annotations:
D:2 exclusion: downstairs
D:6 Menkaure
D:9 ThePrince's ghost, novice TrMo
Lair:4 exclusion: oklob plant
Shoals:3 exclusion: upstairs
Spider:2 exclusion: downstairs
Depths:2 vault a dig


Innate Abilities, Weirdness & Mutations

You are small and have problems with some larger weapons.
You are somewhat resistant to further mutation.


Message History

The caustic shrike claws you. The acid corrodes you!
You are splashed with acid!
The acid burns!
The caustic shrike claws you but does no damage. x3
The caustic shrike claws you!! The acid corrodes you!
You are splashed with acid!
The acid burns!
The caustic shrike claws you!! The acid corrodes you!
You are splashed with acid!
The acid burns!
* * * LOW HITPOINT WARNING * * *
You emit a cloud of dark smoke.
The caustic shrike claws you.
* * * LOW HITPOINT WARNING * * *
You are splashed with acid!
The acid burns!
* * * LOW HITPOINT WARNING * * *
The caustic shrike claws you but does no damage.
The caustic shrike barely misses you.
The caustic shrike claws you but does no damage. x2
The caustic shrike claws you!
* * * LOW HITPOINT WARNING * * *
The acid corrodes you!
You are splashed with acid!
The acid burns!
* * * LOW HITPOINT WARNING * * *
The caustic shrike claws you!!
You die...

#........#......#..#
#.#....#.##....##.##
#.........######..#
#...##.....+.....##
#...##.....#######
.#.........##
((...§§§§..#
#....§b§§..#
.....Hb@§..#
...#..b§...# #.
#.......#
....###...# #.....
##### #..... ######


You could see 3 caustic shrikes and a sphinx.

Vanquished Creatures
  Boris (Vaults:2)
  Sojobo (Depths:3)
  Bai Suzhen (Spider:3)
  2 liches
  A kraken (Shoals:3)
  2 sphinxes
  Kirke (Shoals:3)
  3 tengu reavers
  Ilsuiw (Shoals:4)
  4 frost giants
  A deep elf sorcerer (Vaults:2)
  7 fire giants
  Louise (Shoals:3)
  Aizul (Depths:2)
  The ghost of fili the Bludgeoner, a journeyman MiBe of Trog (Orc:1)
  5 vault wardens
  2 orc warlords (Orc:2)
  The ghost of polve the Carver, a journeyman DsGl of Uskayaw (D:14)
  5 ghost moths
  4 emperor scorpions
  The ghost of jojo4000 the Wrestler, a journeyman MiBe of Trog (Depths:1)
  13 ironheart preservers
  16 very ugly things
  17 stone giants
  2 vampire knights
  6 entropy weavers
  A dire elephant (Lair:3)
  A spark wasp (Spider:4)
  6 merfolk javelineers (Shoals:4)
  A deep elf death mage (Vaults:1)
  The ghost of p0werm0de the Fighter, a journeyman DsBe of Trog (Orc:1)
  9 ettins
  Josephine (D:10)
  6 fire dragons
  9 merfolk impalers
  12 yaktaur captains
  2 jiangshi (Depths:1)
  5 great orbs of eyes
  10 ice dragons
  7 rakshasas
  6 vault guards
  3 hydras
  2 catoblepae
  21 centaur warriors
  2 satyrs
  2 alligator snapping turtles (Shoals:4)
  An alligator (Lair:6)
  3 merfolk avatars
  An alligator (shapeshifter) (Vaults:2)
  2 death knights (Vaults:3)
  5 merfolk aquamancers
  24 ogre magi
  90 two-headed ogres
  9 death yaks
  4 orc high priests (Orc:2)
  5 tengu warriors
  3 vampire magi (Depths:1)
  2 deep troll shamans
  A spriggan berserker (Depths:3)
  2 sun demons
  6 deep troll earth magi
  2 hell knights (Depths:3)
  8 deep elf knights
  A storm dragon skeleton (Vaults:4)
  5 shadow wraiths
  18 deep trolls
  13 skeletal warriors
  5 deep elf archers
  3 flayed ghosts
  8 wizards
  17 sea snakes
  6 unseen horrors
  A gelid demonspawn (Depths:4)
  3 glowing orange brains
  2 lindwurms (Lair:6)
  21 harpies
  32 ugly things
  9 orc knights
  9 cyclopes
  An orb spider (shapeshifter) (Depths:2)
  2 phantasmal warriors
  16 ironbrand convokers
  A tengu skeleton (Vaults:3)
  4 orc sorcerers (Orc:2)
  A shadow dragon skeleton (Vaults:3)
  3 necromancers
  A sphinx skeleton (Vaults:3)
  24 orb spiders
  10 fauns
  3 manticores (shapeshifter)
  A stone giant zombie (Vaults:4)
  13 deep elf magi
  47 wolf spiders
  14 manticores
  17 merfolk sirens
  A moth of wrath (Spider:4)
  A stone giant skeleton (Vaults:3)
  3 ice statues (IceCv)
  6 water nymphs
  21 elephants
  A fire giant skeleton (Vaults:3)
  6 black mambas
  9 vault sentinels
  A smoke demon (Depths:4)
  A centaur skeleton (D:14)
  20 spiny frogs
  4 torpor snails
  10 rime drakes
  2 komodo dragons (shapeshifter)
  5 spectral swamp worms (Depths:3)
  4 yaktaur skeletons (Vaults:3)
  23 demonic crawlers
  A kobold demonologist (D:10)
  9 komodo dragons
  10 freezing wraiths
  9 ice devils
  44 yaktaurs
  A queen bee (Lair:5)
  A queen bee (shapeshifter) (Vaults:2)
  9 polar bears (Lair:6)
  33 jumping spiders
  29 merfolk
  4 meliai
  5 trolls
  10 hornets
  8 wind drakes
  17 blink frogs
  10 hippogriffs
  12 slime creatures
  7 snapping turtles
  A raiju (Lair:6)
  An ettin zombie (Vaults:3)
  2 dream sheep (Lair:6)
  2 spriggans (shapeshifter)
  A frost giant simulacrum (Vaults:3)
  A spriggan (Lair:3)
  37 tarantellas
  A vampire (D:12)
  101 redbacks
  19 water elementals
  A tarantella (shapeshifter) (Depths:4)
  10 wraiths
  8 basilisks
  A shadow (D:15)
  A golden eye (shapeshifter) (D:15)
  35 yaks
  3 hogs (Shoals:3)
  An ettin skeleton (Vaults:3)
  3 wyverns
  3 fire bats
  3 steam dragons
  A yaktaur simulacrum (Vaults:4)
  4 vampire mosquitoes
  6 swamp worms
  10 wargs
  11 porcupines
  14 hell hounds (Lair:6)
  12 water moccasins
  A floating eye (Depths:2)
  A meliai simulacrum (D:15)
  38 orc warriors
  3 phantoms
  A hornet zombie (D:5)
  An ice beast (D:5)
  11 black bears (Lair:6)
  A necrophage (D:11)
  3 sky beasts
  38 centaurs
  11 boggarts
  52 ogres
  32 wolves
  17 crocodiles
  6 big kobolds
  13 bullfrogs
  8 human skeletons (Vaults:3)
  A wyvern skeleton (D:14)
  3 scorpions
  34 killer bees
  7 howler monkeys
  9 crimson imps
  A bullfrog zombie (D:12)
  3 lava snakes (Volcano)
  3 centaur zombies
  A quasit (D:9)
  18 orc priests
  3 draconian simulacra (IceCv)
  7 hounds
  11 jellies
  Ijyb (D:3)
  2 iron imps (Depths:4)
  23 orc wizards
  2 bullfrog skeletons
  6 human zombies
  15 worker ants
  3 iguanas
  2 spriggan simulacra (IceCv)
  A troll simulacrum (IceCv)
  2 big kobold zombies (Ossuary)
  A centaur simulacrum (IceCv)
  2 hound zombies (Ossuary)
  3 hound skeletons
  3 mummies (Ossuary)
  A worker ant zombie (D:5)
  Robin (D:2)
  17 adders
  A naga simulacrum (IceCv)
  2 ogre simulacra (IceCv)
  2 shadow imps
  A white imp (Depths:4)
  9 oozes
  2 ufetubi (Depths:4)
  3 adder skeletons
  6 adder zombies
  13 worms (Lair:2)
  3 dart slugs
  5 leopard geckos
  89 orcs
  A ball python (D:2)
  15 bats
  7 giant cockroaches
  18 goblins
  7 hobgoblins
  4 jackals (D:1)
  7 quokkas
  5 frilled lizards
  A gnoll zombie (Ossuary)
  2 hobgoblin zombies (Ossuary)
  2 jackal zombies (Ossuary)
  11 kobolds
  10 kobold zombies (Ossuary)
  2 quokka zombies (Ossuary)
  5 rats
  2 rat zombies (Ossuary)
  A fungus (Lair:3)
  2 plants
1977 creatures vanquished.

Vanquished Creatures (others)
  2 yaktaurs (Vaults:3)
  4 humans (Shoals:3)
  59 fungi
  63 plants
  11 tentacles (Shoals:3)
139 creatures vanquished.

Grand Total: 2116 creatures vanquished

Notes
Turn   | Place    | Note
-------+----------+-------------------------------------------
     0 | D:1      | spiff the Halfling Warper began the quest for the Orb.
     0 | D:1      | Reached XP level 1. HP: 14/14 MP: 3/3
   132 | D:1      | Reached skill level 1 in Stealth
   281 | D:1      | Reached XP level 2. HP: 9/19 MP: 4/4
   755 | D:1      | Reached XP level 3. HP: 24/24 MP: 5/5
  1433 | D:2      | Reached XP level 4. HP: 26/29 MP: 6/6
  1771 | D:3      | Found a shimmering altar of Xom.
  1774 | D:3      | Found a shimmering altar of Xom.
  1787 | D:3      | Noticed Ijyb
  1799 | D:3      | Found a shimmering altar of Xom.
  1799 | D:3      | Found a shimmering altar of Xom.
  1799 | D:3      | Found a shimmering altar of Xom.
  2176 | D:3      | Noticed Robin
  2481 | D:2      | Killed Robin
  2541 | D:3      | Reached XP level 5. HP: 31/34 MP: 7/7
  2817 | D:3      | Found a sacrificial altar of Ru.
  2822 | D:3      | Reached skill level 1 in Slings
  2986 | D:3      | Found a shimmering altar of Xom.
  2986 | D:3      | Found a shimmering altar of Xom.
  3170 | D:3      | Killed Ijyb
  3170 | D:3      | Reached skill level 2 in Slings
  3381 | D:4      | Noticed a phantom
  3419 | D:3      | Reached skill level 3 in Slings
  3503 | D:4      | Killed a phantom
  3503 | D:4      | Reached skill level 4 in Slings
  3503 | D:4      | Reached XP level 6. HP: 39/39 MP: 8/8
  3650 | D:4      | Reached skill level 5 in Slings
  4090 | D:4      | Reached XP level 7. HP: 39/44 MP: 9/9
  4119 | D:4      | Reached skill level 6 in Slings
  4119 | D:4      | Reached skill level 5 in Stealth
  4123 | D:4      | Learned a level 2 spell: Blink
  4275 | D:4      | Reached skill level 7 in Slings
  4651 | D:4      | Found Giggafor's General Store.
  4719 | D:4      | Reached skill level 8 in Slings
  4719 | D:4      | Reached XP level 8. HP: 17/49 MP: 10/10
  5170 | D:5      | Entered Level 5 of the Dungeon
  5203 | D:5      | Found a snail-covered altar of Cheibriados.
  5206 | D:5      | Found a burning altar of Makhleb.
  5208 | D:5      | Found a shattered altar of Ashenzari.
  5210 | D:5      | Found a basalt altar of Yredelemnul.
  5210 | D:5      | Found an opulent altar of Gozag.
  5210 | D:5      | Found a bloodstained altar of Trog.
  5211 | D:5      | Found a deep blue altar of Sif Muna.
  5212 | D:5      | Found a sparkling altar of Nemelex Xobeh.
  5213 | D:5      | Found an iron altar of Okawaru.
  5214 | D:5      | Found a glowing golden altar of the Shining One.
  5215 | D:5      | Found a stormy altar of Qazlal.
  5320 | D:5      | Reached skill level 9 in Slings
  5829 | D:5      | Reached skill level 10 in Slings
  6551 | D:5      | Reached XP level 9. HP: 53/54 MP: 11/11
  6744 | D:6      | Noticed Menkaure
  6959 | D:5      | Reached skill level 11 in Slings
  7061 | D:6      | Noticed a two-headed ogre
  7374 | D:5      | Found a staircase to the Ecumenical Temple.
  8408 | D:6      | Reached skill level 12 in Slings
  8835 | Temple   | Entered the Ecumenical Temple
  8849 | Temple   | Became a worshipper of Dithmenos the Shadowed
  9367 | D:7      | Found a sand-covered staircase.
  9380 | Ossuary  | Entered an ossuary
  9546 | Ossuary  | Reached skill level 5 in Short Blades
  9656 | Ossuary  | Reached * piety under Dithmenos
 10155 | D:7      | Found an opulent altar of Gozag.
 10568 | D:8      | Noticed a two-headed ogre
 10778 | D:8      | Found Puyw's Weapon Shop.
 10778 | D:8      | Noticed a two-headed ogre
 10911 | D:8      | Killed a two-headed ogre
 10911 | D:8      | Reached XP level 10. HP: 34/64 MP: 12/12
 11417 | D:8      | Reached ** piety under Dithmenos
 11578 | D:9      | Noticed ThePrince's ghost (novice TrMo)
 11959 | D:9      | Reached skill level 5 in Fighting
 12111 | D:9      | Reached skill level 10 in Stealth
 12248 | D:10     | Entered Level 10 of the Dungeon
 12257 | D:10     | Found a staircase to the Orcish Mines.
 12465 | D:10     | Noticed an unseen horror
 12481 | D:10     | Killed an unseen horror
 13095 | D:10     | Reached XP level 11. HP: 71/71 MP: 13/13
 13126 | D:10     | Noticed an unseen horror
 13169 | D:10     | Killed an unseen horror
 13169 | D:10     | Reached skill level 5 in Dodging
 13324 | D:10     | Learned a level 3 spell: Confuse
 13410 | D:10     | Found Esairu's Assorted Antiques.
 13418 | D:10     | Bought a translucent hunting sling for 156 gold pieces
 13418 | D:10     | Identified the +9 hunting sling of Targhutump {speed, +Inv rPois rC-} (You bought it in a shop on level 10 of the Dungeon)
 13496 | D:10     | Reached skill level 5 in Translocations
 13534 | D:10     | Reached skill level 1 in Hexes
 14166 | D:11     | Found a staircase to the Lair.
 14370 | D:11     | Got a steaming ring mail
 14381 | D:11     | Identified the +2 ring mail of the Armadillo {rPois rC+ MR-} (You found it on level 11 of the Dungeon)
 14497 | D:11     | Noticed an unseen horror
 14506 | D:11     | Killed an unseen horror
 14795 | Lair:1   | Entered Level 1 of the Lair of Beasts
 14935 | Orc:1    | Entered Level 1 of the Orcish Mines
 14939 | Orc:1    | Noticed Josephine
 14939 | Orc:1    | Reached *** piety under Dithmenos
 15800 | Lair:1   | Reached skill level 1 in Evocations
 15829 | Lair:1   | Reached XP level 12. HP: 77/77 MP: 14/14
 15984 | Lair:1   | Reached skill level 5 in Hexes
 16198 | Lair:1   | Noticed a six-headed hydra
 16207 | Lair:1   | Killed a six-headed hydra
 17096 | Lair:2   | Found a dark tunnel.
 17105 | Volcano  | Entered a volcano
 17912 | Volcano  | Found a burning altar of Makhleb.
 17912 | Volcano  | Noticed a two-headed ogre
 17912 | Volcano  | Noticed a two-headed ogre
 17912 | Volcano  | Noticed an ogre mage
 17912 | Volcano  | Noticed a two-headed ogre
 17924 | Volcano  | Killed a two-headed ogre
 17935 | Volcano  | Killed an ogre mage
 17942 | Volcano  | Killed a two-headed ogre
 17952 | Volcano  | Killed a two-headed ogre
 18120 | Volcano  | Noticed a red draconian
 18495 | Lair:2   | Reached **** piety under Dithmenos
 18743 | Lair:2   | Reached XP level 13. HP: 50/88 MP: 15/15
 20235 | Lair:3   | Noticed a dire elephant
 20939 | Lair:3   | Reached ***** piety under Dithmenos
 21004 | Lair:3   | Found a staircase to the Shoals.
 21036 | Lair:3   | Reached skill level 10 in Dodging
 21442 | Lair:3   | Killed a dire elephant
 21442 | Lair:3   | Reached skill level 1 in Shields
 21555 | Lair:3   | Found a hole to the Spider Nest.
 21987 | Lair:1   | Learned a level 4 spell: Passage of Golubria
 22189 | Lair:4   | Got an encrusted cloak
 22195 | Lair:4   | Identified the -3 cloak of Slovenliness {rElec Regen+ Str+10 Dex-3} (You found it on level 4 of the Lair of Beasts)
 22465 | Lair:4   | Reached XP level 14. HP: 97/97 MP: 16/16
 23092 | Lair:5   | Reached skill level 5 in Shields
 24162 | Lair:6   | Entered Level 6 of the Lair of Beasts
 24180 | Lair:6   | Reached skill level 15 in Stealth
 24303 | Lair:6   | Found a viscous altar of Jiyva.
 24303 | Lair:6   | Found a staircase to the Slime Pits.
 24392 | Lair:6   | Reached ****** piety under Dithmenos
 24958 | Lair:6   | Reached skill level 10 in Translocations
 25005 | Lair:6   | Reached XP level 15. HP: 101/101 MP: 21/21
 26116 | Lair:6   | Reached skill level 5 in Spellcasting
 26745 | D:12     | Found a snail-covered altar of Cheibriados.
 26861 | D:12     | Found a glowing golden altar of the Shining One.
 27287 | D:12     | Reached skill level 5 in Armour
 27473 | Orc:1    | Noticed fili's ghost (journeyman MiBe)
 27487 | D:10     | Killed Josephine
 27990 | D:13     | Reached skill level 10 in Fighting
 28335 | D:13     | Found a blossoming altar of Fedhas.
 28536 | D:13     | Found a runed door.
 28565 | D:13     | Found an opulent altar of Gozag.
 28589 | D:13     | Found a hide-covered altar of Uskayaw.
 28598 | D:13     | Found a shadowy altar of Dithmenos.
 28649 | D:13     | Found a hide-covered altar of Uskayaw.
 28672 | D:13     | Found a sacrificial altar of Ru.
 28732 | D:13     | Found an ancient bone altar of Kikubaaqudgha.
 28808 | D:13     | Reached XP level 16. HP: 109/109 MP: 24/24
 29072 | D:13     | Found a deep blue altar of Sif Muna.
 29448 | D:14     | Found a shadowy altar of Dithmenos.
 29463 | D:14     | Got a faintly humming leather armour
 29474 | D:14     | Identified the +3 leather armour of Gogiu {rPois rF- MR++ Regen+} (You found it on level 14 of the Dungeon)
 29613 | D:14     | Noticed polve's ghost (journeyman DsGl)
 29864 | D:14     | Killed polve's ghost
 30307 | D:14     | Found a gate to the Vaults.
 30553 | Orc:1    | Killed fili's ghost
 30688 | Orc:2    | Entered Level 2 of the Orcish Mines
 31193 | Orc:2    | Found a staircase to the Elven Halls.
 31691 | Orc:2    | Found Macrirhiomu's Antique Armour Shoppe.
 31691 | Orc:2    | Found Yhant's Antique Weapon Emporium.
 31717 | Orc:2    | Found Xenymues's General Store.
 31732 | Orc:2    | Found Ewotauc's Jewellery Shoppe.
 31899 | Orc:2    | Bought a ripped robe for 159 gold pieces
 31913 | Orc:2    | Identified the +1 robe of Failure {Regen+ Str+5 Int+2} (You bought it in a shop on level 2 of the Orcish Mines)
 32332 | Orc:1    | Noticed p0werm0de's ghost (journeyman DsBe)
 32469 | Orc:1    | Killed p0werm0de's ghost
 32688 | D:15     | Entered Level 15 of the Dungeon
 32906 | D:15     | Reached XP level 17. HP: 117/117 MP: 27/27
 33070 | D:15     | Found a frozen archway.
 33116 | IceCv    | Entered an ice cave
 33886 | IceCv    | Got a twisted helmet
 33897 | IceCv    | Identified the +0 helmet "Ecany" {Int+3} (You found it in an ice cave)
 34531 | D:15     | Found a staircase to the Depths.
 34891 | D:15     | Found an opulent altar of Gozag.
 35354 | Spider:1 | Entered Level 1 of the Spider Nest
 36502 | Spider:2 | Got a glittering pewter amulet
 36503 | Spider:2 | Identified the amulet "Xiwu" {Reflect rElec SH+2} (You found it on level 2 of the Spider Nest)
 36978 | Spider:2 | Reached XP level 18. HP: 127/127 MP: 28/28
 37718 | Spider:3 | Reached skill level 10 in Armour
 38507 | Spider:3 | Noticed Bai Suzhen
 38903 | Spider:3 | Killed Bai Suzhen
 38903 | Spider:3 | Reached skill level 13 in Slings
 39094 | Spider:3 | Reached skill level 15 in Dodging
 39641 | Spider:4 | Entered Level 4 of the Spider Nest
 39922 | Spider:4 | Reached skill level 14 in Slings
 40704 | Spider:4 | Reached skill level 15 in Slings
 40725 | Spider:4 | Reached XP level 19. HP: 109/134 MP: 0/29
 41545 | Spider:4 | Reached skill level 16 in Slings
 41689 | Spider:4 | Got a gossamer rune of Zot
 42009 | Shoals:1 | Entered Level 1 of the Shoals
 43315 | Shoals:2 | Found Riothut's Antique Armour Shop.
 43325 | Shoals:2 | Reached skill level 17 in Slings
 43996 | Shoals:3 | Noticed Kirke
 44012 | Shoals:3 | Killed Kirke
 44276 | Shoals:3 | Found Ypito's Distillery.
 44348 | Shoals:3 | Bought a potion of heal wounds for 85 gold pieces
 44762 | Shoals:3 | Noticed Louise
 44793 | Shoals:3 | Killed Louise
 44793 | Shoals:3 | Reached XP level 20. HP: 128/140 MP: 21/30
 44971 | Shoals:4 | Entered Level 4 of the Shoals
 44982 | Shoals:4 | Reached skill level 1 in Polearms
 45034 | Shoals:4 | Noticed Ilsuiw
 45082 | Shoals:4 | Killed Ilsuiw
 45589 | Shoals:4 | Reached skill level 5 in Polearms
 46216 | Shoals:4 | Got a barnacled rune of Zot
 46713 | Shoals:4 | Identified Sif Muna's Almanac of the Frostbite and Self-Improvement
 46719 | Shoals:4 | Learned a level 3 spell: Regeneration
 47086 | Vaults:1 | Entered Level 1 of the Vaults
 47610 | Vaults:1 | Reached skill level 1 in Charms
 47726 | Vaults:1 | Reached skill level 10 in Polearms
 47726 | Vaults:1 | Reached skill level 1 in Necromancy
 47744 | Vaults:1 | Got a pitted brass ring
 47746 | Vaults:1 | Identified the ring "Xugoibema" {*Tele rPois rF+++ MR- MP-9} (You found it on level 1 of the Vaults)
 47881 | Vaults:1 | Reached XP level 21. HP: 145/145 MP: 31/31
 48736 | Vaults:1 | Reached skill level 5 in Charms
 49391 | Vaults:2 | Found Wyxeh's Magic Scroll Shop.
 49398 | Vaults:2 | Bought a scroll of blinking for 112 gold pieces
 49673 | Vaults:2 | Found Kuprov's Jewellery Emporium.
 49759 | Vaults:2 | Found Jetoredd's Book Emporium.
 50313 | Vaults:2 | Noticed Boris
 50399 | Vaults:3 | Found Gussoed's Gadget Shop.
 51276 | Vaults:3 | Reached XP level 22. HP: 152/152 MP: 32/32
 51310 | Vaults:3 | Found a staircase to the Crypt.
 53715 | Vaults:3 | Reached skill level 15 in Fighting
 54135 | Vaults:4 | Reached skill level 1 in Invocations
 54158 | Vaults:4 | Learned a level 3 spell: Portal Projectile
 54438 | Vaults:4 | Found Vonoiw's Antique Armour Shoppe.
 54446 | Vaults:4 | Bought an opal-encrusted leather armour for 231 gold pieces
 54446 | Vaults:4 | Identified the +1 leather armour of Wonder {rF+++ rC+ MR+ Int-3} (You bought it in a shop on level 4 of the Vaults)
 54486 | Vaults:4 | Reached XP level 23. HP: 163/163 MP: 33/33
 54620 | Vaults:4 | Bought a transparent robe for 188 gold pieces
 54620 | Vaults:4 | Bought a crude scale mail for 297 gold pieces
 54620 | Vaults:4 | Identified the cursed +1 robe "Gabloel" {Int+4} (You bought it in a shop on level 4 of the Vaults)
 54625 | Vaults:4 | Identified the +6 scale mail "Japeuguo" {Dex+4} (You bought it in a shop on level 4 of the Vaults)
 55402 | Depths:1 | Entered Level 1 of the Depths
 55402 | Depths:1 | Noticed jojo4000's ghost (journeyman MiBe)
 55464 | Depths:1 | Killed jojo4000's ghost
 55595 | Depths:1 | Found a gateway to Hell.
 55786 | Depths:1 | Reached skill level 5 in Invocations
 57617 | Depths:2 | Found Umoaf's Food Emporium.
 58262 | Depths:2 | Found Tuifuun's Jewellery Shoppe.
 58263 | Depths:2 | Found Etoalo's Gadget Boutique.
 58263 | Depths:2 | Found Refregin's Gadget Boutique.
 60081 | Depths:3 | Reached XP level 24. HP: 173/173 MP: 33/33
 60115 | Depths:3 | Reached skill level 10 in Invocations
 60225 | Depths:3 | Paralysed by an ogre mage for 7 turns
 60496 | Depths:3 | Noticed Aizul
 60522 | Depths:2 | Killed Aizul
 61057 | Depths:3 | Noticed Sojobo
 62196 | Depths:3 | Reached skill level 18 in Slings
 62654 | Depths:3 | Killed Sojobo
 62701 | Depths:3 | Found a one-way gate leading to the halls of Pandemonium.
 63046 | Depths:3 | Found a one-way gate to the infinite horrors of the Abyss.
 63216 | Depths:3 | Identified a scroll of acquirement
 63480 | Vaults:2 | Killed Boris
 63908 | Vaults:4 | Bought a pair of runed gloves for 247 gold pieces
 63916 | Vaults:4 | Got a faintly humming robe
 63927 | Vaults:4 | Identified the +0 robe "Ygill" {+Blink} (You acquired it on level 4 of the Vaults)
 64231 | Vaults:2 | Reached skill level 19 in Slings
 64991 | Vaults:2 | Reached XP level 25. HP: 158/180 MP: 33/33
 65151 | Vaults:4 | Got brightly glowing ice dragon scales
 65162 | Vaults:4 | Identified the +9 ice dragon scales of Mumblety Peg {rElec rF- rC++} (You found it on level 4 of the Vaults)
 65517 | Orc:2    | Bought pitted acid dragon scales for 1260 gold pieces
 65527 | Orc:2    | Identified the +0 acid dragon scales of Restlessness {-Cast rCorr Str+4 Dex+3} (You bought it in a shop on level 2 of the Orcish Mines)
 65783 | Vaults:2 | Bought an uncursed ring of protection from fire for 475 gold pieces
 66544 | Depths:4 | Found a gateway to a ziggurat.
 66549 | Depths:4 | Got a twisted ring mail
 66551 | Depths:4 | Identified the +2 ring mail "Lelu" {+Blink} (You found it on level 4 of the Depths)
 67361 | Depths:4 | Noticed a caustic shrike
 67362 | Depths:4 | Noticed a caustic shrike
 67363 | Depths:4 | Noticed a caustic shrike
 67363 | Depths:4 | Paralysed by a sphinx for 6 turns
 67369 | Depths:4 | Mangled by a caustic shrike

Skill      XL: |  1  2  3  4  5  6  7  8  9 10 11 12 13 14 15 16 17 18 19 20 21 22 23 24 |
---------------+-------------------------------------------------------------------------+-----
Stealth        | 1 2 3 4 5 7 9 10 11 12 14 15 | 15.0
Short Blades   | 3 4 6 8 9 |  9.9
Slings         | 4 5 8 10 12 15 17 19 | 19.8
Fighting       | 4 5 7 9 10 11 12 13 15 16 17 | 17.0
Dodging        | 4 5 8 10 11 12 14 15 17 18 | 18.8
Translocations | 4 8 10 11 | 11.4
Hexes          | 4 5 6 7 8 |  8.0
Evocations     | 1 |  1.0
Shields        | 4 5 |  5.6
Spellcasting   | 4 5 7 |  7.0
Armour         | 5 6 9 10 11 | 11.0
Polearms       | 10 13 14 | 14.0
Charms         | 2 6 |  6.0
Necromancy     | 1 3 |  3.0
Invocations    | 2 9 10 | 10.1
Throwing       | |  1.0

Action                   |  1- 3 |  4- 6 |  7- 9 | 10-12 | 13-15 | 16-18 | 19-21 | 22-24 | 25-27 || total
-------------------------+-------+-------+-------+-------+-------+-------+-------+-------+-------++-------
Melee: Dagger            |   138 |    26 |   458 |   257 |   137 |    23 |     6 |       |       ||  1045
       Short sword       |     8 |       |       |       |       |       |       |       |       ||     8
       Spear             |     6 |   205 |     3 |       |       |       |       |       |       ||   214
       Rapier            |       |       |       |       |       |       |    15 |       |       ||    15
       Demon trident     |       |       |       |       |       |       |   442 |   682 |    64 ||  1188
 Fire: Hunting sling     |       |    87 |   486 |   727 |  1647 |  2200 |  1849 |  1637 |   139 ||  8772
Throw: Tomahawk          |       |     4 |       |       |       |       |       |       |       ||     4
       Throwing net      |       |       |       |     1 |       |       |       |     2 |       ||     3
 Cast: Blink             |       |       |       |       |     2 |     4 |     5 |       |       ||    11
       Passage of Golubr |       |       |       |       |     1 |    24 |    36 |    43 |     1 ||   105
       Regeneration      |       |       |       |       |       |       |     2 |     2 |       ||     4
Invok: Shadow Step       |       |       |       |       |       |     1 |     1 |       |       ||     2
Evoke: Wand              |       |       |       |     1 |     1 |     4 |       |       |     2 ||     8
  Use: Potion            |     1 |       |       |     2 |       |       |     2 |     2 |       ||     7
       Scroll            |       |     9 |     9 |     4 |    13 |     5 |    13 |     9 |     3 ||    65
 Stab: Sleeping          |     2 |     1 |     1 |     2 |     1 |    13 |    23 |    14 |     1 ||    58
       Paralysed         |       |     1 |       |       |       |       |       |       |       ||     1
       Distracted        |       |       |       |       |     3 |       |       |     4 |       ||     7
  Eat: Chunk             |     2 |     8 |    15 |    18 |    28 |    26 |    31 |    27 |     3 ||   158
       Fruit             |       |     1 |     1 |       |       |       |       |       |       ||     2
       Meat ration       |       |       |     1 |       |       |     1 |       |     1 |       ||     3
       Bread ration      |       |       |       |     1 |       |     1 |     1 |     4 |       ||     7
Armor: Leather armour    |    36 |    56 |       |       |       |    49 |    68 |    56 |       ||   265
       Chain mail        |       |    30 |   266 |   159 |    74 |       |       |       |       ||   529
       Ice dragon scales |       |       |       |       |       |       |       |       |    31 ||    31
Dodge: Dodged            |   111 |   152 |   175 |   192 |   161 |   276 |   574 |   556 |    58 ||  2255
Block: Buckler           |       |       |       |       |    49 |   103 |    82 |       |       ||   234
       Reflection        |       |       |       |       |       |     1 |    10 |     4 |       ||    15
       Other             |       |       |       |       |       |       |    23 |    30 |     2 ||    55
